Map: Frozen Temple

Players

Chammy (Cham)

  • Race: Zerg Zerg
  • League: Grandmaster
  • Spawn Location: 5:00

Major (SpeCial) - Winner!

  • Race: Terran Terran
  • League: Master
  • Spawn Location: 11:00

Event: Copa América 2016 Grand Finals

VOD

https://youtu.be/BYs684cBvzg

Description

Time

  • Played on: Oct. 14, 2016, 2:19 p.m.
  • Length: 15:39

All games in this series

Show
View Real Time Build Order
Export as new Build Order

Chammy Zerg 

Build Orders: Pool First 

Get SALT Encoding   

  12  0:00  Drone  
  13  0:08  Drone  
  14  0:19  Overlord  
  14  0:37  Drone x2  
  14  0:38  Drone  
  17  0:48  Spawning Pool  
  17  0:49  Drone  
  17  1:09  Hatchery  
  16  1:12  Drone  
  16  1:14  Extractor  
  16  1:17  Drone  
  17  1:22  Drone  
  18  1:31  Drone  
  19  1:34  Queen  
  21  1:42  Zergling x2  
  22  1:54  Overlord  
  22  2:12  Queen  
  22  2:14  Drone, Metabolic Boost  
  25  2:17  Drone  
  25  2:20  Queen  
  25  2:22  Drone  
  29  2:26  Overlord  
  29  2:31  Drone  
  29  2:40  Drone  
  30  2:45  Drone x3  
  30  2:46  Drone  
  34  2:51  Drone  
  34  2:54  Queen  
  37  3:03  Overlord  
  37  3:05  Drone  
  38  3:06  Drone  
  39  3:12  Overlord  
  39  3:24  Drone x2  
  39  3:26  Hatchery, Drone  
  41  3:33  Drone  
  41  3:34  Drone x2  
  44  3:36  Overlord  
  44  3:41  Evolution Chamber  
  44  3:43  Zergling x2  
  44  3:44  Zergling x2  
  44  3:45  Evolution Chamber  
  44  3:49  Zergling x4  
  44  3:53  Zergling x4  
  44  3:54  Zergling x2  
  49  3:59  Overlord  
  49  4:02  Drone  
  50  4:04  Drone x3  
  50  4:07  Overlord  
  53  4:13  Zergling x2  
  54  4:18  Zergling x2  
  54  4:22  Queen  
  54  4:23  Queen  
  59  4:26  Zergling x6  
  59  4:29  Overlord  
  59  4:30  Zergling x2  
  63  4:34  Zergling x2  
  63  4:37  Zergling x4  
  66  4:44  Zergling x6  
  67  4:51  Drone  
  67  4:52  Drone  
  68  4:53  Zerg Ground Armor Level 1  
  68  4:54  Overlord, Drone  
  68  4:56  Spore Crawler  
  68  4:59  Spore Crawler  
  67  5:02  Drone  
  67  5:03  Drone x2  
  71  5:07  Drone x2  
  71  5:08  Drone  
  71  5:10  Overlord  
  71  5:12  Drone x2  
  75  5:15  Overlord  
  75  5:18  Overlord  
  75  5:27  Baneling Nest, Drone x3  
  77  5:30  Extractor  
  77  5:33  Extractor, Overlord  
  74  5:39  Overlord  
  74  5:40  Drone  
  74  5:41  Drone  
  74  5:42  Hatchery  
  75  5:45  Overlord  
  75  5:46  Drone  
  75  5:47  Zergling x2  
  75  5:48  Zergling x2  
  78  5:50  Zergling x2  
  78  5:52  Zergling x2  
  78  5:53  Zergling x2  
  78  5:56  Zergling x4  
  82  5:59  Zergling x4  
  82  6:01  Zergling x2  
  78  6:11  Baneling x2  
  78  6:12  Baneling x5  
  78  6:15  Zergling x2  
  78  6:16  Zergling x2  
  78  6:17  Zergling x2  
  79  6:24  Zergling x2  
  79  6:25  Zergling x2  
  60  6:33  Drone  
  60  6:34  Drone  
  60  6:35  Drone x2  
  60  6:37  Drone x2  
  63  6:44  Drone, Lair  
  63  6:46  Drone  
  64  6:49  Drone  
  66  6:54  Drone  
  66  6:55  Drone  
  66  7:00  Overlord  
  67  7:06  Drone x2  
  67  7:07  Extractor  
  68  7:10  Drone  
  68  7:13  Drone x2  
  71  7:15  Drone  
  71  7:18  Overlord  
  71  7:20  Drone  
  71  7:21  Drone  
  73  7:31  Queen x2  
  73  7:33  Spore Crawler x2  
  73  7:34  Drone x2  
  73  7:35  Spore Crawler, Drone x5  
  73  7:36  Spore Crawler  
  80  7:43  Drone x3  
  83  7:45  Roach Warren  
  79  7:57  Drone x2  
  80  7:59  Overlord  
  80  8:01  Drone x6  
  80  8:02  Overlord x2, Drone  
  80  8:03  Zergling x2  
  80  8:04  Zergling x2  
  89  8:07  Queen x2  
  89  8:08  Drone x3  
  89  8:09  Extractor  
  89  8:10  Extractor  
  94  8:13  Baneling x4  
  94  8:14  Zerg Ground Armor Level 2  
  94  8:19  Baneling  
  94  8:20  Zergling x6  
  97  8:27  Baneling  
  97  8:28  Baneling  
  97  8:29  Zergling x4  
  97  8:30  Zergling x2  
  97  8:33  Zergling x6  
  101  8:34  Roach  
  88  8:49  Zergling x6  
  88  8:51  Drone x5  
  88  8:52  Drone x5  
  88  8:54  Zergling x4  
  100  8:59  Overlord  
  100  9:01  Extractor, Roach x2  
  100  9:02  Extractor  
  102  9:05  Roach  
  102  9:06  Roach  
  102  9:07  Roach  
  108  9:13  Roach x2  
  108  9:16  Roach  
  111  9:17  Baneling x2  
  111  9:19  Roach  
  111  9:23  Roach x2  
  116  9:28  Roach x2  
  116  9:31  Roach x2  
  122  9:35  Overlord, Drone x2  
  124  9:39  Roach  
  124  9:40  Roach  
  122  9:46  Overlord, Spire  
  122  9:48  Drone  
  122  9:49  Roach x2  
  122  9:51  Hatchery  
  122  9:52  Overlord  
  123  9:54  Roach  
  123  9:55  Burrow  
  125  10:04  Overlord  
  125  10:05  Roach x2  
  125  10:06  Roach  
  131  10:12  Roach  
  131  10:13  Roach x3  
  133  10:16  Roach x3  
  133  10:17  Roach x2  
  133  10:18  Roach  
  141  10:25  Roach  
  141  10:26  Spore Crawler  
  141  10:28  Ravager x3  
  143  10:34  Overlord  
  143  10:35  Roach x2  
  147  10:39  Roach  
  147  10:44  Roach  
  147  10:45  Roach x2  
  153  10:50  Roach x2  
  153  10:51  Roach  
  153  10:52  Roach x2  
  153  10:53  Roach x3  
  136  11:05  Roach x4  
  136  11:06  Roach x2  
  136  11:07  Roach x2  
  136  11:08  Queen x2, Roach x2  
  136  11:10  Roach x4  
  136  11:11  Roach  
  159  11:20  Roach x4  
  167  11:29  Ravager x2  
  167  11:30  Glial Reconstitution  
  167  11:31  Zerg Flyer Weapons Level 1  
  169  11:38  Roach x2  
  169  11:39  Roach x4  
  181  11:42  Roach x2  
  181  11:45  Extractor, Roach  
  182  12:03  Roach  
  182  12:04  Overlord x4  
  184  12:10  Hatchery  
  177  12:18  Overlord x3  
  171  12:33  Ravager x3  
  171  12:34  Ravager x5  
  177  12:46  Zergling x2  
  112  13:00  Roach x3  
  112  13:04  Roach x2  
  112  13:05  Roach x2  
  102  13:07  Roach  
  102  13:12  Extractor, Mutalisk  
  98  13:16  Mutalisk  
  99  13:23  Mutalisk x2  
  103  13:31  Roach  
  105  13:34  Roach x2  
  105  13:35  Queen x2  
  105  13:41  Roach  
  115  13:43  Hatchery  
  115  13:44  Mutalisk  
  115  13:45  Roach  
  114  13:52  Roach  
  114  13:55  Roach x2  
  118  13:58  Roach  
  118  14:05  Roach  
  120  14:11  Roach  
  122  14:20  Hatchery  
  122  14:23  Roach  
  116  14:26  Roach  
  111  14:36  Roach  
  109  14:45  Roach x2  
  105  14:58  Roach x2  
  103  15:05  Roach x2  
  105  15:10  Roach x3  
  105  15:16  Roach  
Show
View Real Time Build Order
Export as new Build Order

Major Terran - Winner!

Build Orders:  

Get SALT Encoding   

  12  0:00  SCV  
  13  0:13  SCV  
  14  0:17  Supply Depot  
  14  0:25  SCV  
  15  0:29  Refinery  
  15  0:39  SCV  
  16  0:45  Barracks  
  16  0:51  SCV  
  17  1:03  SCV  
  18  1:15  SCV  
  19  1:32  Orbital Command, Barracks Reactor  
  19  1:43  Command Center  
  19  1:53  Factory  
  19  1:59  SCV  
  20  2:07  Marine  
  21  2:08  Marine  
  21  2:10  Supply Depot  
  21  2:14  SCV  
  23  2:30  Refinery  
  23  2:31  Marine x2, SCV  
  26  2:40  Starport  
  26  2:43  SCV  
  27  2:48  Factory Reactor  
  27  2:49  Marine x2  
  29  2:55  SCV  
  30  2:59  Orbital Command  
  30  3:07  SCV  
  30  3:09  Marine  
  30  3:10  Marine  
  34  3:20  SCV  
  34  3:24  SCV  
  35  3:27  Marine x2  
  35  3:30  Medivac  
  35  3:31  Medivac  
  35  3:32  SCV  
  35  3:33  Widow Mine  
  44  3:38  Supply Depot  
  44  3:39  SCV  
  45  3:44  SCV  
  46  3:50  Bunker  
  46  3:57  Supply Depot  
  46  3:59  Marine x2, SCV x2  
  46  4:01  Liberator  
  50  4:13  Hellion x2, Supply Depot  
  53  4:18  Marine x2  
  53  4:20  Supply Depot  
  53  4:21  SCV  
  53  4:23  SCV  
  60  4:30  Armory  
  60  4:36  Marine x2  
  60  4:38  SCV x2  
  64  4:40  Supply Depot  
  64  4:44  Liberator  
  64  4:50  Hellion x2  
  64  4:51  SCV x2  
  67  4:56  Marine x2  
  69  5:03  SCV x2  
  74  5:07  Supply Depot  
  74  5:14  Hellion, Marine x2  
  76  5:15  Hellion  
  76  5:20  SCV x2  
  80  5:32  SCV x2  
  80  5:33  Command Center  
  82  5:36  Hellion  
  82  5:39  Hellion  
  86  5:43  Supply Depot  
  86  5:59  Hellion  
  86  6:00  Hellion  
  87  6:09  SCV  
  86  6:18  Factory, SCV  
  82  6:19  Factory, Liberator x2  
  82  6:21  SCV  
  82  6:22  Hellion x2  
  74  6:38  SCV x2  
  67  6:40  Terran Vehicle And Ship Armor Level 1, Refinery  
  67  6:41  Refinery  
  67  6:44  Hellion  
  67  6:45  Hellion  
  71  6:48  Orbital Command  
  71  6:53  SCV x2  
  73  6:57  Supply Depot  
  73  7:03  Factory Tech Lab x2, Orbital Command  
  73  7:04  Liberator  
  73  7:05  SCV  
  73  7:06  Hellion x2  
  78  7:10  Liberator  
  78  7:14  SCV  
  79  7:18  SCV  
  83  7:27  Hellion x2, SCV  
  91  7:30  Refinery, SCV  
  91  7:31  Refinery  
  91  7:32  SCV  
  93  7:39  SCV  
  93  7:42  SCV  
  95  7:44  SCV  
  95  7:47  Supply Depot  
  95  7:48  Supply Depot  
  95  7:49  Hellion x2  
  95  7:51  SCV  
  100  7:54  SCV  
  100  7:56  SCV  
  100  7:57  Cyclone x2  
  110  8:00  Factory  
  110  8:03  SCV  
  108  8:06  SCV  
  108  8:08  SCV  
  108  8:10  Hellion x2, Factory  
  114  8:15  SCV  
  114  8:18  SCV  
  114  8:19  Command Center  
  116  8:20  Supply Depot x2  
  116  8:29  Hellion  
  116  8:31  Hellion  
  116  8:32  Hellion  
  116  8:33  SCV x2  
  124  8:34  Liberator x2  
  124  8:38  Siege Tank  
  127  8:43  Supply Depot x2  
  127  8:44  Supply Depot  
  112  8:50  Siege Tank  
  112  8:55  Hellion x2  
  118  8:56  Factory Tech Lab, Factory Reactor  
  114  9:05  Supply Depot  
  114  9:07  Terran Vehicle Weapons Level 1  
  114  9:10  Siege Tank  
  114  9:17  Hellion x2  
  121  9:22  Siege Tank x2  
  127  9:33  Engineering Bay  
  127  9:34  Medivac, Supply Depot  
  127  9:35  Supply Depot  
  127  9:36  Medivac  
  127  9:38  Hellion x2  
  135  9:41  Hellion x2  
  135  9:42  Siege Tank  
  140  9:54  Siege Tank x2  
  140  9:56  Refinery  
  140  9:57  Supply Depot  
  140  9:59  Hellion x2  
  150  10:00  Refinery  
  150  10:01  Planetary Fortress  
  141  10:16  Hellion x2, Siege Tank  
  145  10:26  Siege Tank  
  145  10:28  SCV x3  
  151  10:33  Missile Turret  
  151  10:34  Hellion x2  
  151  10:35  Siege Tank  
  158  10:38  Hellion x2, Infernal Pre-Igniter  
  162  10:48  Siege Tank  
  162  10:49  Armory  
  163  10:54  Liberator x2  
  146  11:04  Hellion  
  146  11:05  Hellion x3  
  146  11:07  Siege Tank x2  
  161  11:24  Supply Depot  
  173  11:41  Liberator  
  173  11:43  Liberator  
  173  11:55  Factory x2, Thor x3  
  173  11:56  Hellion x4  
  189  12:19  Supply Depot  
  189  12:20  Supply Depot  
  189  12:21  Supply Depot  
  175  12:28  Command Center  
  175  12:40  Hellion x2, Siege Tank x2, Liberator x2  
  175  12:41  Hellion x3  
  166  13:02  Hellion x3  
  166  13:04  Hellion x2  
  154  13:10  Thor x3  
  143  13:25  Hellion  
  143  13:26  Hellion x2, Siege Tank  
  143  13:27  Factory Tech Lab, Factory Reactor  
  152  13:39  Liberator  
  152  13:43  Liberator  
  150  13:51  Hellion x3, Siege Tank x3  
  171  14:19  Hellion x2, Siege Tank  
  171  14:23  Siege Tank  
  157  14:59  Siege Tank x2  
  159  15:04  Hellbat x3  
Tags
 
Add a new tag
Caveats
  • Supply blocks, unpowered buildings, or Contaminate may cause inaccurate times.
  • Supply counts are checked every 10 seconds.